 Dungeon Crawl Stone Soup version 0.21.1-1-g345015f (webtiles) character file.

25 zishaf the Sneak (level 2, -1/13 HPs)
             Began as a Spriggan Enchanter on May 7, 2018.
             Slain by Jessica
             ... wielding a +0 club
              (5 damage)
             ... on level 2 of the Dungeon.
             The game lasted 00:07:41 (1359 turns).

zishaf the Sneak (Spriggan Enchanter)               Turns: 1359, Time: 00:07:41

Health: -1/13      AC:  2    Str:  4    XL:     2   Next: 86%
Magic:  5/7        EV: 18    Int: 16    God:
Gold:   34         SH:  0    Dex: 16    Spells: 6/7 levels left

rFire    . . .     SeeInvis +   m - +1 dagger (freeze)
rCold    . . .     Gourm    .   (shield restricted)
rNeg     . . .     Faith    .   b - +0 robe
rPois    .         Spirit   .   (helmet restricted)
rElec    .         Reflect  .   (no cloak)
rCorr    .         Harm     .   (gloves unavailable)
MR       .....                  (boots unavailable)
Stlth    +++.......             (no amulet)
HPRegen  0.04/turn              (no ring)
MPRegen  0.10/turn              (no ring)

@: very quick
A: very small, unfitting armour, see invisible, herbivore, speed 3, slow
metabolism 2
a: no special abilities


You were on level 2 of the Dungeon.
You were not hungry.

You visited 1 branch of the dungeon, and saw 2 of its levels.

You collected 34 gold pieces.

Inventory:

Hand Weapons
 a - a +1 dagger
 m - a +1 dagger of freezing (weapon)
Armour
 b - a +0 robe (worn)
Scrolls
 f - a scroll of enchant armour {unknown}
 j - 2 scrolls of identify {unknown}
 k - a scroll of enchant weapon {unknown}
 l - a scroll of fog {unknown}
Potions
 e - a potion of invisibility {unknown}
 g - a potion of degeneration {unknown}
 h - a potion of flight {unknown}
 i - 4 potions of curing {unknown}
Books
 c - a book of Maledictions

   Spells                             Type                      Level
   a - Corona                         Hexes                        1
   b - Ensorcelled Hibernation        Hexes/Ice                    2
   c - Confuse                        Hexes                        3
   d - Tukima's Dance                 Hexes                        3
   e - Dazzling Spray                 Conjuration/Hexes            3
Comestibles
 d - 3 rations


   Skills:
 + Level 1.2 Short Blades
 + Level 3.1 Dodging
 + Level 5.1 Stealth
 + Level 3.2 Spellcasting
 - Level 4.0 Hexes


You had 6 spell levels left.
You knew the following spells:

 Your Spells              Type           Power        Failure   Level  Hunger
a - Corona                Hex            ###....      3%          1    None


Dungeon Overview and Level Annotations

Branches:
Dungeon (2/15)

Altars:

Annotations:
D:2 Jessica


Innate Abilities, Weirdness & Mutations

You are very small and have problems with some larger weapons.
You are too small for most types of armour.
You have supernaturally acute eyesight. (SInv)
You are a herbivore.
You cover ground extremely quickly.
You need consume almost no food.


Message History

Jessica is outlined in light.
Jessica hits you with a club.
You barely miss Jessica.
Jessica is moderately wounded.
Jessica closely misses you.
You barely miss Jessica.
Jessica is moderately wounded.
Jessica closely misses you.
You hit Jessica but do no damage.
Jessica is moderately wounded.
Jessica hits you with a club!
Ouch! That really hurt!
You hit Jessica but do no damage.
Jessica is moderately wounded.
Jessica closely misses you.
You barely miss Jessica.
Jessica is moderately wounded.
You hit Jessica. You freeze Jessica.
Jessica is heavily wounded.
Jessica hits you with a club.
You die...

#........
########........
#......#........
#.####....†.....
##.# ###........
##..# #........
#..## #........
#.## #........
#@# #........
#@# ####.....
#.# >.....###
... ####.## #.#
#.. #.# #.# ..#
#.# .## #.#
#.#####


You could see Jessica.

Vanquished Creatures
  A dart slug (D:1)
  2 giant cockroaches
  3 goblins
  3 hobgoblins
  3 bats (D:1)
  5 frilled lizards
  5 kobolds
  4 rats (D:1)
26 creatures vanquished.

Notes
Turn   | Place    | Note
-------+----------+-------------------------------------------
     0 | D:1      | zishaf the Spriggan Enchanter began the quest for the Orb.
     0 | D:1      | Reached XP level 1. HP: 9/9 MP: 5/5
   161 | D:1      | Reached XP level 2. HP: 7/13 MP: 7/7
   892 | D:1      | Reached skill level 5 in Stealth
  1344 | D:2      | Noticed Jessica
  1359 | D:2      | Slain by Jessica

Skill      XL: |  1  2 |
---------------+-------+-----
Spellcasting   | 3 |  3.2
Hexes          | 4 |  4.0
Stealth        | 5 |  5.1
Short Blades   | |  1.2
Dodging        | |  3.1

Action                   || total
-------------------------++-------
Melee: Dagger            ||    81
 Cast: Corona            ||     2
 Stab: Sleeping          ||    12
Armor: Robe              ||     6
Dodge: Dodged            ||    56
